 Dungeon Crawl Stone Soup version 0.30-a0-46-g5a63ccc183 (webtiles) character file.

Game seed: 13545289091547404770

4851 IdlyInterested the Tainter (level 10, -4/70 HPs)
             Began as a Demonspawn Wanderer on Sept 1, 2022.
             Was a Follower of Ashenzari.
             Slain by a two-headed ogre
             ... wielding a +0 halberd
              (26 damage)
             ... in a bailey.
             The game lasted 00:36:51 (8559 turns).

IdlyInterested the Tainter (Demonspawn Wanderer)    Turns: 8559, Time: 00:36:52

Health: -4/70      AC: 13    Str: 21    XL:     10   Next: 25%
Magic:  13/16      EV: 10    Int: 18    God:    Ashenzari [*.....]
Gold:   333        SH: 10    Dex:  9    Spells: 13/17 levels left

rFire   + . .      SeeInvis .    F - +9 rapier of the Building Penguin {spect, rF+ Str+5 Dex-5}
rCold   . . .      Faith    .    o - +2 kite shield
rNeg    . . .      Spirit   .    D - +2 robe of Ockurasu {+Blink Fly Dex+3 Slay+2}
rPois   .          Reflect  .    (helmet restricted)
rElec   .          Harm     +    q - +0 cloak "Ruined Together" {Elem, Evo} (curse)
rCorr   .          Rampage  .    (no gloves)
Will    .....      Rage     3%   f - +1 pair of boots of the Chained Firmament {Harm Regen+ Str+4 Slay+2, Melee, Cun} (curse)
Stlth   ++........               (no amulet)
HPRegen 1.01/turn                i - ring of flight
MPRegen 0.15/turn                (no ring)

@: sanguine armoured, on berserk cooldown, flying, hasted and slowed
A: spiny 2, sanguine armour 1, demonic magic 1, weakness stinger 2, horns 1,
berserk 1, clumsy 1
a: Renounce Religion, Evoke Blink, Curse Item, Shatter the Chains


You were in a bailey.
You worshipped Ashenzari.
Ashenzari was aware of your devotion.
You visited 2 branches of the dungeon, and saw 8 of its levels.
You also visited: Ossuary and Bailey.

You collected 333 gold pieces.

Inventory:

Hand Weapons
 a - a +0 short sword
 j - a +3 dagger of freezing
 B - a +1 dagger of protection
 F - the +9 rapier of the Building Penguin (weapon) {spect, rF+ Str+5 Dex-5}
   (You found it on level 7 of the Dungeon)

   When its wielder attacks, the weapon's spirit leaps out and strikes again.
   The spirit shares a part of any damage it takes with its wielder.
   Str:       It affects your strength (+5).
   Dex:       It affects your dexterity (-5).
   rF:        It protects you from fire.
Missiles
 A - 4 curare-tipped darts
Armour
 e - a +2 buckler
 f - the cursed +1 pair of boots of the Chained Firmament (worn) {Harm Regen+ Str+4 Slay+2, Melee, Cun}
   (You acquired it on level 5 of the Dungeon)

   Str:       It affects your strength (+4).
   Slay:      It affects your accuracy & damage with ranged weapons and melee
   (+2).
   Regen:     It increases your rate of health regeneration.
   Harm:      It increases damage dealt and taken.
   It has a curse which improves the following skills: Melee Combat: Short
   Blades, Long Blades, Axes, Maces & Flails, Polearms, Staves and Unarmed
   Combat.
   Cunning:   Dodging and Stealth.
 o - a +2 kite shield (worn)
 q - the cursed +0 cloak "Ruined Together" (worn) {Elem, Evo}
   (You took it off Crazy Yiuf on level 2 of the Dungeon)

   It has a curse which improves the following skills: Elements: Fire Magic, Ice
   Magic, Air Magic and Earth Magic.
   Evocations: Evocations.
 w - +0 acid dragon scales
 C - a +1 ring mail of poison resistance
 D - the +2 robe of Ockurasu (worn) {+Blink Fly Dex+3 Slay+2}
   (You found it on level 6 of the Dungeon)

   Dex:       It affects your dexterity (+3).
   Slay:      It affects your accuracy & damage with ranged weapons and melee
   (+2).
   Fly:       It grants you flight.
   +Blink:    It lets you blink.
 G - a +0 cloak
Jewellery
 i - a ring of flight (left hand)
Wands
 b - a wand of flame (8)
 v - a wand of light (3)
 x - a wand of polymorph (3)
 y - a wand of charming (10)
 E - a wand of iceblast (7)
Scrolls
 c - 2 scrolls of fear
 n - 2 scrolls of enchant weapon
 r - a scroll of brand weapon
 s - 2 scrolls of blinking
 z - 4 scrolls of teleportation
Potions
 d - a potion of brilliance
 g - a potion of haste
 h - 8 potions of heal wounds
 k - 4 potions of curing
 l - a potion of ambrosia
 m - 3 potions of invisibility
 p - 2 potions of flight
 t - 2 potions of resistance
 u - a potion of might


   Skills:
 + Level 3.6 Fighting
 * Level 8.2(9.1) Short Blades
 - Level 2.0 Armour
 - Level 1.3(2.0) Dodging
 - Level 3.2(4.0) Stealth
 + Level 4.0 Shields
 - Level 4.0 Spellcasting
 - Level 2.0 Transmutations
 - Level 2.0(2.6) Fire Magic
 * Level 9.1 Poison Magic
 - Level 2.0(2.6) Evocations


You had 13 spell levels left.
You knew the following spells:

 Your Spells              Type           Power      Damage    Failure   Level
a - Sting                 Tmut/Pois      92%        1d7       4%          1
b - Ignite Poison         Fire/Tmut/Pois 20%        N/A       21%         3

Your spell library contained the following spells:

 Spells                   Type           Power      Damage    Failure   Level
 Sandblast                Erth           6%         2d5       41%         1
 Shock                    Conj/Air       12%        1d3       41%         1
 Passwall                 Tmut/Erth      5%         N/A       41%         2
 Stone Arrow              Conj/Erth      6%         3d7       78%         3
 Swiftness                Air            3%         N/A       78%         3
 Airstrike                Air            1%         2d(1-17)  99%         4


Dungeon Overview and Level Annotations

Branches:
Dungeon (7/15)             Temple (1/1) D:4         Ossuary (visited)
 Bailey (1/1)

Altars:
Ashenzari
Cheibriados
Dithmenos
Fedhas
Gozag
Hepliaklqana
Kikubaaqudgha
Nemelex Xobeh
Okawaru
Qazlal
Ru
Sif Muna
Uskayaw
Wu Jian
Xom
Yredelemnul

Annotations:
D:6 1 runed translucent door


Innate Abilities, Weirdness & Mutations

You are mostly covered in sharp spines.
When seriously injured, your blood forms armour. (AC +6)
Spells you cast may paralyse adjacent enemies.
You have a tail ending in a sharp stinger.
You have a pair of small horns on your head.
You sometimes lose your temper in combat.
You are clumsy. (Dex -2)


Message History

You are exhausted.
You feel yourself slow down.
The spriggan hits you with a +0 trident.
* * * LOW HITPOINT WARNING * * *
You completely miss the spriggan. Your headbutt misses the spriggan.
Your +9 rapier of the Building Penguin {spect, rF+ Str+5 Dex-5} hits the spriggan!
The spriggan is struck by your spines. The spriggan misses you.
You hit the spriggan. Your headbutt misses the spriggan.
You tail-slap the spriggan.
You kill the spriggan!
You hear a splash.
A steam dragon comes into view.
A two-headed ogre comes into view. It is wielding two +0 halberds.
Things that are here:
a +0 trident; a spriggan corpse
Aiming: Sting (safe; 4% risk of failure)
Press: ? - help, Q - select action, (/) - cycle Shift-Dir - straight line, f - you That beam is likely to hit you.
Continue anyway?
Okay, then.
Throw: 5 darts (curare)
Press: ? - help, Shift-Dir - straight line, f - two-headed ogre
Aim: a two-headed ogre, wielding two +0 halberds (75% to hit)
You throw a curare-tipped dart.
The curare-tipped dart hits the two-headed ogre.
The two-headed ogre is poisoned.
The two-headed ogre convulses.
The two-headed ogre seems to slow down.
The two-headed ogre is lightly wounded.
You hear a splash.
Casting: Sting (safe; 4% risk of failure)
Confirm with . or Enter, or press ? or * to list all spells.
You ignite the poison in your surroundings!
The two-headed ogre seems to burn from within!
The two-headed ogre is moderately wounded.
Malevolent energies surge around you.
The two-headed ogre is no longer moving slowly.
You block the two-headed ogre's attack.
The two-headed ogre hits you but does no damage.
You feel yourself speed up.
The two-headed ogre hits you from afar with a +0 halberd!!
You die...

##)..).).##
#.........##
#..###♣#♣#..##
#..# ♣#..##
#..# ♣#..##
#..# #♣..# #..
#..# #. #..# #
♣@.# #. #..#
#.. #O.# .D♣♣♣
##..# ...
##..##
..####~##♣#..##
#....~)(..).##
##.....))))##
##.......##


You could see a two-headed ogre.

Vanquished Creatures
  Pikel (D:6)
  7 spriggans (Bailey)
  Sigmund (D:4)
  A wraith (Ossuary)
  An acid dragon (D:6)
  Edmund (D:4)
  Duvessa (D:4)
  A water moccasin (D:6)
  4 ice beasts
  An orc warrior (D:7)
  6 ogres
  3 phantoms
  A bullfrog (D:6)
  A necrophage (D:7)
  3 scorpions
  Dowan (D:4)
  3 wights (D:5)
  A howler monkey (D:6)
  4 hounds
  4 jellies
  A gnoll bouda (D:7)
  2 orc priests
  A human zombie (Ossuary)
  Crazy Yiuf (D:2)
  5 orc wizards
  Natasha (thrice) (D:2)
  3 iguanas
  3 mummies (Ossuary)
  8 gnolls
  5 adders
  A shadow imp (D:7)
  An ufetubus (D:5)
  2 dart slugs
  18 orcs
  6 endoplasms
  2 giant cockroaches (D:1)
  5 goblins
  7 hobgoblins
  4 quokkas
  8 ball pythons
  4 bats
  5 frilled lizards
  2 goblin zombies
  4 hobgoblin zombies (Ossuary)
  3 kobolds
  6 kobold zombies (Ossuary)
  An orc zombie (Ossuary)
  A quokka zombie (D:6)
  5 rats
  A rat zombie (D:6)
164 creatures vanquished.

Vanquished Creatures (others)
  A goblin (D:4)
1 creature vanquished.

Grand Total: 165 creatures vanquished

Notes
Turn   | Place    | Note
-------+----------+-------------------------------------------
     0 | D:1      | IdlyInterested the Demonspawn Wanderer began the quest for
                  | the Orb.
     0 | D:1      | IdlyInterested set off with the following items: a +0
                  | dagger, a wand of flame (3), a scroll of fear, a +0 robe, a
                  | +2 buckler; and the following spell memorised: Sting; and
                  | the following spells available to memorise: Ignite Poison.
     0 | D:1      | Reached XP level 1. HP: 15/15 MP: 2/2
    65 | D:1      | Gained mutation: You are partially covered in sharp spines.
                  | [demonic ancestry]
    65 | D:1      | Reached XP level 2. HP: 7/21 MP: 0/3
   434 | D:1      | Reached skill level 1 in Poison Magic
   568 | D:1      | Reached skill level 1 in Short Blades
  1289 | D:2      | Gained mutation: You have a small tail. [demonic ancestry]
  1289 | D:2      | Reached XP level 3. HP: 26/26 MP: 2/4
  1570 | D:2      | Reached skill level 1 in Armour
  1862 | D:2      | Found a runed translucent door.
  1863 | D:2      | Noticed Crazy Yiuf
  2067 | D:2      | Noticed Natasha
  2075 | D:2      | Killed Natasha
  2076 | D:2      | Reached skill level 2 in Poison Magic
  2076 | D:2      | Gained mutation: When seriously injured, your blood forms
                  | armour. (AC +6) [demonic ancestry]
  2076 | D:2      | Reached XP level 4. HP: 8/32 MP: 2/5
  2445 | D:2      | Noticed Natasha
  2452 | D:2      | Killed Natasha
  2569 | D:2      | Killed Crazy Yiuf
  3406 | D:2      | Noticed Natasha
  3412 | D:2      | Killed Natasha
  3413 | D:2      | Gained mutation: You have a tail ending in a sharp stinger.
                  | [demonic ancestry]
  3413 | D:2      | Reached XP level 5. HP: 38/38 MP: 6/6
  3542 | D:3      | Identified the +5 mace of Animal Spirits {pain, *Corrode
                  | rElec rC+}
  3958 | D:3      | Found a faded altar of an unknown god.
  4082 | D:3      | Learned a level 3 spell: Ignite Poison
  4116 | D:4      | Noticed Edmund
  4134 | D:4      | Killed Edmund
  4135 | D:4      | Reached skill level 3 in Poison Magic
  4135 | D:4      | Reached XP level 6. HP: 17/44 MP: 2/7
  4586 | D:4      | Found a sacrificial altar of Ru.
  4587 | D:4      | Noticed Sigmund
  4613 | D:4      | Killed Sigmund
  4614 | D:4      | Reached skill level 4 in Poison Magic
  4734 | D:4      | Noticed Duvessa
  4734 | D:4      | Noticed Dowan
  4756 | D:4      | Killed Duvessa
  4757 | D:4      | Gained mutation: Spells you cast may paralyse adjacent
                  | enemies. [demonic ancestry]
  4757 | D:4      | Reached XP level 7. HP: 22/50 MP: 5/8
  4781 | D:4      | Killed Dowan
  4782 | D:4      | Reached skill level 1 in Fire Magic
  5064 | D:4      | Found a stormy altar of Qazlal.
  5108 | D:4      | Found a shadowy altar of Dithmenos.
  5334 | D:4      | Found a staircase to the Ecumenical Temple.
  5343 | Temple   | Entered the Ecumenical Temple
  5586 | Temple   | Became a worshipper of Ashenzari the Shackled
  5646 | D:5      | Entered Level 5 of the Dungeon
  5851 | D:5      | Reached skill level 5 in Poison Magic
  5918 | D:5      | Reached XP level 8. HP: 17/56 MP: 2/11
  5921 | D:5      | Reached skill level 5 in Short Blades
  5953 | D:5      | Reached skill level 6 in Poison Magic
  5956 | D:5      | Reached skill level 1 in Stealth
  6248 | D:5      | Found a hide-covered altar of Uskayaw.
  6302 | D:5      | Identified a scroll of acquirement
  6302 | D:5      | Acquired the +1 pair of boots of the Devouring Gods {Harm
                  | Regen+ Str+4 Slay+2}
  6430 | D:5      | Found a blossoming altar of Fedhas.
  6848 | D:5      | Found a hazy altar of Hepliaklqana.
  7158 | D:6      | Reached skill level 7 in Poison Magic
  7158 | D:6      | Reached XP level 9. HP: 63/63 MP: 10/12
  7180 | D:6      | Found a sand-covered staircase.
  7199 | Ossuary  | Entered an ossuary
  7320 | Ossuary  | Reached * piety under Ashenzari
  7587 | D:6      | Identified the +2 robe of Ockurasu {+Blink Fly Dex+3
                  | Slay+2}
  7588 | D:6      | Found a runed translucent door.
  7589 | D:6      | Noticed Pikel
  7591 | D:6      | Found a basalt altar of Yredelemnul.
  7610 | D:6      | Killed Pikel
  7654 | D:6      | Gained mutation: You occasionally lose the ability to read
                  | scrolls when taking damage. [potion of mutation]
  7655 | D:6      | Lost mutation: You occasionally lose the ability to read
                  | scrolls when taking damage. [potion of mutation]
  7655 | D:6      | Gained mutation: You sometimes lose your temper in combat.
                  | [potion of mutation]
  7655 | D:6      | Gained mutation: Armour fits poorly on your strangely
                  | shaped body. [potion of mutation]
  7655 | D:6      | Gained mutation: You are clumsy. (Dex -2) [potion of
                  | mutation]
  7655 | D:6      | Gained mutation: You are strong-willed. (Will+) [potion of
                  | mutation]
  7656 | D:6      | Lost mutation: Armour fits poorly on your strangely shaped
                  | body. [potion of mutation]
  7656 | D:6      | Lost mutation: You are strong-willed. (Will+) [potion of
                  | mutation]
  7656 | D:6      | Gained mutation: You have a pair of small horns on your
                  | head. [potion of mutation]
  7901 | D:6      | Reached skill level 8 in Poison Magic
  8283 | D:7      | Reached skill level 1 in Dodging
  8362 | D:7      | Identified the +9 rapier of the Building Penguin {spect,
                  | rF+ Str+5 Dex-5}
  8415 | D:7      | Found an ornate altar of the Wu Jian Council.
  8465 | D:7      | Found a flagged portal.
  8481 | Bailey   | Entered a bailey
  8529 | Bailey   | Gained mutation: You are mostly covered in sharp spines.
                  | [demonic ancestry]
  8529 | Bailey   | Reached XP level 10. HP: 70/70 MP: 16/16
  8542 | Bailey   | HP: 4/105 [spriggan/+0 trident (13)]
  8545 | Bailey   | Reached skill level 9 in Poison Magic
  8545 | Bailey   | HP: 1/70 [spriggan/+0 trident (3)]
  8550 | Bailey   | Noticed a two-headed ogre
  8559 | Bailey   | Slain by a two-headed ogre

Illustrated notes

Levels and vault maps discovered:
D:1:      evilmike_arrival_rings, layout_loops_ring
D:2:      layout_loops_corners, serial_bayou_pond_d, uniq_natasha,
          uniq_crazy_yiuf_cottage
D:3:      layout_basic, dreamdust_ecumenical_altar_hidden_monk_grotto,
          minmay_misc_feat_diagonals
D:4:      layout_basic, nicolae_overflow_crystal_walls,
          nicolae_qazlal_scattered_showers, kennysheep_mini_moat,
          minmay_temple_entry_poolview, wad_orctagon, uniq_edmund, uniq_duvessa,
          uniq_sigmund
D:5:      layout_basic, mainiacjoe_overflow_surrounded_room,
          amcnicky_altar_gilded, mainiacjoe_overflow_24_doors, minivault_25,
          minmay_fractal_squares_diagonal_5
D:6:      minmay_klotski, layout_basic, dk_yredelemnul_ordeal, enter_ossuary_4,
          st_stairs_14, uniq_pikel
D:7:      layout_basic, mainiacjoe_overflow_six_doors_small,
          lemuel_crystal_altar, zin_academy, enter_bailey_4
Temple:   jpeg_temple_island
Bailey:   bailey_polearm_enchanted_keep_hellmonk, bailey

Skill      XL: |  1  2  3  4  5  6  7  8  9 10 |
---------------+-------------------------------+-----
Poison Magic   | 1 2 3 4 5 7 8 9 |  9.1
Short Blades   | 1 2 3 4 6 7 8 |  8.2
Armour         | 1 2 |  2.0
Fighting       | 2 3 |  3.6
Shields        | 4 |  4.0
Transmutations | 2 |  2.0
Fire Magic     | 1 2 |  2.0
Spellcasting   | 2 4 |  4.0
Stealth        | 2 3 |  3.2
Dodging        | 1 |  1.3
Evocations     | |  2.0

Action                   |  1- 3 |  4- 6 |  7- 9 | 10-12 || total
-------------------------+-------+-------+-------+-------++-------
Melee: Dagger            |    53 |    47 |   178 |       ||   278
       Tailslap          |     4 |     6 |    27 |     2 ||    39
       Unarmed           |       |    12 |       |       ||    12
       Rapier            |       |       |    27 |    15 ||    42
       Headbutt          |       |       |    14 |       ||    14
Throw: Dart              |       |       |       |     1 ||     1
 Cast: Sting             |    22 |    19 |    63 |       ||   104
       Ignite Poison     |       |       |       |     1 ||     1
Invok: Curse Item        |       |       |     2 |       ||     2
  Use: Scroll            |     2 |     7 |     9 |       ||    18
       Potion            |       |     1 |     4 |     1 ||     6
 Stab: Sleeping          |     1 |       |     3 |       ||     4
       Paralysed         |       |       |    25 |       ||    25
Armor: Robe              |     5 |     5 |    52 |     6 ||    68
       Skin              |       |     1 |       |       ||     1
Dodge: Dodged            |    13 |    15 |    71 |     6 ||   105
Block: Buckler           |    16 |    13 |    29 |       ||    58
       Kite shield       |       |     1 |    29 |     8 ||    38

Table legend: (Time is in decaauts)
 A = Elapsed time spent in this place.
 B = Non-inter-level travel time spent in this place.
 C = Inter-level travel time spent in this place.
 D = Time resting spent in this place.
 E = Time spent auto-exploring this place.
 F = Levels seen in this place.
 G = Mean time per level.
                   A        B        C        D        E       F      G
               +--------+--------+--------+--------+--------+-----+--------+
         Total |   8555 |   7430 |   1125 |   1693 |   3967 |  10 |  855.5 |
       Dungeon |   7816 |   6746 |   1070 |   1686 |   3477 |   7 | 1116.6 |
        Temple |    324 |    269 |     55 |      0 |    251 |   1 |  324.0 |
       Ossuary |    335 |    335 |      0 |      0 |    224 |   1 |  335.0 |
        Bailey |     78 |     78 |      0 |      7 |     15 |   1 |   78.0 |
               +--------+--------+--------+--------+--------+-----+--------+

Top non-repeatable levels by time:
     D:2: 2346 daAuts
     D:4: 1491 daAuts
     D:1: 1077 daAuts
     D:5: 1020 daAuts
     D:3: 905 daAuts
     D:6: 775 daAuts
 Ossuary: 335 daAuts
  Temple: 324 daAuts
     D:7: 199 daAuts
  Bailey: 78 daAuts
